Map: Lerilak Crest

Players

Geiko - Winner!

  • Race: Protoss Protoss

neuro

  • Race: Zerg Zerg

VOD

Have the link to the VOD?

Description

Time

  • Played on: May 13, 2015, 11:31 a.m.
  • Length: 5:13
Show
View Real Time Build Order
Export as new Build Order

Geiko Protoss - Winner!

Build Orders: 4 Gate Adept, Mass Adepts, Dark Templar Rush 

Get SALT Encoding   

  12  0:01  Probe  
  13  0:12  Pylon  
  13  0:17  Probe  
  14  0:31  Gateway  
  14  0:32  Probe (Chrono Boost)  
  16  0:42  Assimilator  
  16  0:43  Probe (Chrono Boost)  
  16  0:50  Probe  
  17  0:57  Gateway  
  17  1:02  Probe  
  18  1:14  Probe  
  18  1:18  Cybernetics Core  
  19  1:22  Assimilator  
  19  1:26  Probe  
  19  1:31  Pylon  
  20  1:38  Probe  
  21  1:51  Probe  
  22  1:54  Warp Gate (Chrono Boost)  
  22  1:56  Adept x2  
  26  2:03  Probe  
  27  2:09  Twilight Council  
  27  2:15  Probe  
  28  2:27  Probe  
  29  2:33  Gateway  
  29  2:34  Gateway  
  29  2:39  Pylon  
  29  3:01  Probe  
  26  3:13  Dark Shrine  
  26  3:21  Pylon  
  26  3:28  Shield Upgrade (Chrono Boost)  
  26  3:30  Adept  
  26  3:31  Adept x2  
  26  3:33  Adept, Pylon  
  34  3:40  Probe  
  35  3:53  Adept x3  
  41  3:59  Adept  
  43  4:19  Adept x3  
  43  4:21  Adept  
  51  4:43  Dark Templar x2  
  51  4:44  Adept  
  49  5:05  Adept x2  
Show
View Real Time Build Order
Export as new Build Order

neuro Zerg 

Build Orders: Hatch First 

Get SALT Encoding   

  12  0:01  Drone  
  13  0:13  Overlord  
  13  0:18  Drone  
  14  0:32  Drone x2  
  16  0:36  Drone  
  17  0:53  Hatchery  
  17  0:56  Drone  
  17  0:57  Drone  
  18  1:12  Spawning Pool  
  18  1:14  Drone  
  18  1:23  Drone  
  19  1:32  Drone  
  20  1:36  Extractor  
  19  1:40  Drone  
  19  1:47  Hatchery  
  19  1:50  Drone  
  20  2:03  Queen  
  20  2:06  Queen  
  24  2:14  Drone x2  
  26  2:34  Drone x2  
  26  2:35  Overlord x2  
  26  2:37  Metabolic Boost  
  28  2:53  Spine Crawler, Queen  
  27  3:01  Drone x2  
  23  3:19  Drone x3  
  26  3:26  Queen  
  28  3:29  Drone  
  29  3:36  Drone x2  
  29  3:38  Drone  
  32  3:42  Drone  
  33  3:54  Zergling x2  
  33  3:55  Zergling x4  
  36  3:56  Spore Crawler  
  36  4:00  Zergling x2  
  36  4:01  Zergling x4  
  38  4:10  Zergling x2  
  38  4:11  Zergling x6  
  42  4:17  Zergling x6  
  42  4:22  Overlord  
  45  4:25  Zergling x2  
  45  4:26  Zergling x2  
  47  4:35  Zergling x6  
  47  4:40  Zergling x4  
  47  4:41  Zergling x4  
  41  4:46  Zergling x2  
  40  4:54  Zergling x10  
  44  5:00  Spore Crawler  
  44  5:06  Spore Crawler  
Tags
 
Build Order
4 Gate Adept
Composition
Mass Adepts
Matchup
PvZ
Player
Neuro
Add a new tag
Caveats
  • Supply blocks, unpowered buildings, or Contaminate may cause inaccurate times.
  • Supply counts are checked every 10 seconds.